 Dungeon Sprint DCSS version 0.31-a0-844-gdc52ec4e09 (webtiles) character file.

Game seed: 9163193918656835361

58 sircluck the Ruffian (level 3, -5/60 HPs)
             Began as a Troll Berserker on Sept 29, 2023.
             Was a Follower of Trog.
             Killed from afar by a lindwurm (28 damage)
             ... with a blast of flame
             ... in the Dungeon (Sprint VII: "The Pits").
             The game lasted 00:00:15 (199 turns).

sircluck the Ruffian (Troll Berserker)               Turns: 199, Time: 00:00:16

Health: -5/60      AC:  4    Str: 27    XL:     3   Next: 76%
Magic:  2/2        EV: 10    Int:  3    God:    Trog [*.....]
Gold:   0          SH:  0    Dex:  9    Spells: 2/2 levels left

rFire   . .          .
                       - Unarmed
rCold   . . .        (no shield)
rNeg    . . .        a - +0 animal skin
rPois   .            (helmet restricted)
rElec   .            (no cloak)
rCorr   .            (gloves unavailable)
SInv    .            (boots unavailable)
Will    .....        (no amulet) Stlth
                     (no ring)
HPRegen 1.10/turn    (no ring)
MPRegen 0.08/turn

%: no teleportation
@: berserking, very quick
A: large, unfitting armour, claws 3, regeneration 1, shaggy fur 1, tough skin 1
a: Renounce Religion, Berserk


You were in the Dungeon.
You worshipped Trog.
Trog was aware of your devotion.
You visited 1 branch

Inventory:

Armour
 a - a +0 animal skin (worn)
Scrolls
 g - a scroll of blinking
Potions
 b - a potion of curing
 c - a potion of heal wounds
 d - a potion of haste
 e - 2 potions of magic
 f - a potion of berserk rage


   Skills:
 + Level 4.3 Fighting
 + Level 4.3 Dodging
 + Level 5.2 Unarmed Combat


You had 2 spell levels left.
You didn't know any spells.
Your spell library was empty.

Dungeon Overview and Level Annotations

Branches:
Dungeon (1/1)

Altars:


Innate Abilities, Weirdness & Mutations

You are too large for most types of armour.
You have claws for hands.
Your natural rate of healing is unusually fast.
You are covered in fur. (AC +1)
You have tough skin. (AC +1)


Message History

You start waiting.
You feel a strong urge to attack something.
You start waiting.
You feel your anger nearly subside.
You are no longer berserk.
You are exhausted.
You feel yourself slow down.
You start waiting.
You feel yourself speed up.
You start waiting.
You recover from your berserk rage.
You start waiting.
Done waiting.
There is a huge open gate to the Metal Vault (Medium) here.
There is a huge open gate to the Metal Vault (Medium) here.
A small abomination comes into view.
A lindwurm comes into view.
The lindwurm roars!
You fail to use your ability.
A red film seems to cover your vision as you go berserk!
You feel yourself moving faster!
You feel mighty!
The small abomination hits you but does no damage.
You claw the small abomination!
The small abomination is heavily damaged.
You scratch the lindwurm.
The lindwurm is lightly wounded.
You barely miss the lindwurm.
The lindwurm is lightly wounded.
You completely miss the lindwurm.
The lindwurm is lightly wounded.
You barely miss the lindwurm.
The lindwurm is lightly wounded.
The lindwurm bites you.
The lindwurm claws you but does no damage.
The lindwurm claws you. The small abomination hits you!
You mangle the lindwurm!!
The lindwurm is heavily wounded.
The small abomination hits you!! The lindwurm breathes flames at you.
The blast of flame hits you!!
You die...

#......#..#......#
#................+
+................+
#......#..#......#
#................#
####'#####''######
#.......##''#
#.......##..#
#.......##@.#
#...<...##kx#
#.......##..#
#.......##..#
#.......##...
##########....
#...# #..##


You could see a lindwurm (catching breath) and a small abomination.

Vanquished Creatures
  A necrophage (D)
1 creature vanquished.

Notes
Turn   | Place    | Note
-------+----------+-------------------------------------------
     0 | D        | sircluck the Troll Berserker began the quest for the Orb.
     0 | D        | Reached XP level 1. HP: 22/22 MP: 0/0
    12 | D        | Noticed a necrophage
    29 | D        | Killed a necrophage
    30 | D        | Reached skill level 5 in Unarmed Combat
    30 | D        | Reached XP level 2. HP: 33/33 MP: 1/1
    30 | D        | Reached XP level 3. HP: 40/40 MP: 2/2
   189 | D        | Noticed a small abomination
   190 | D        | Noticed a lindwurm
   199 | D        | Killed from afar by a lindwurm

Illustrated notes

Levels and vault maps discovered:
D:        pitsprint [storerooms_1, entrance_room_1, metal_vault_3, armoury_2,
          mini_pit_1, grid_room_1, main_hall_1, silver_pit, the_coven_1,
          the_vestibule_1, steel_vault_5, golden_pit, hallway_of_sentries,
          crystal_vault_4, iron_vault_5, final_vault]

Skill      XL: |  1 |
---------------+----+-----
Fighting       | 4 |  4.3
Dodging        | 4 |  4.3
Unarmed Combat | 5 |  5.2

Action                     || total
---------------------------++-------
  Melee: Unarmed           ||     9
 Invoke: Berserk           ||     2
 Armour: Animal skin       ||     7
  Dodge: Dodged            ||     1

Table legend: (Time is in decaauts)
 A = Elapsed time spent in this place.
 B = Non-inter-level travel time spent in this place.
 C = Inter-level travel time spent in this place.
 D = Time resting spent in this place.
 E = Time spent auto-exploring this place.
 F = Levels seen in this place.
 G = Mean time per level.
                   A        B        C        D        E       F      G
               +--------+--------+--------+--------+--------+-----+--------+
         Total |    209 |    209 |      0 |    161 |     12 |   1 |  209.0 |
       Dungeon |    209 |    209 |      0 |    161 |     12 |   1 |  209.0 |
               +--------+--------+--------+--------+--------+-----+--------+

Top non-repeatable levels by time:
       D: 209 daAuts
